Map: [ESL] Gresvan

Players

Cham - Winner!

  • Race: Zerg Zerg

Scarlett

  • Race: Zerg Zerg

Event: IEM Katowice 2023

VOD

Have the link to the VOD?

Description

Time

  • Played on: Feb. 8, 2023, 8:26 a.m.
  • Length: 15:37

All games in this series

Show
View Real Time Build Order
Export as new Build Order

Cham Zerg - Winner!

Build Orders: Hatch First 

Get SALT Encoding   

  12  0:00  Drone  
  13  0:12  Overlord  
  13  0:17  Drone  
  14  0:30  Drone x2  
  16  0:47  Hatchery  
  15  0:50  Drone  
  15  0:55  Drone  
  17  1:08  Spawning Pool  
  17  1:10  Drone  
  17  1:12  Extractor  
  17  1:15  Drone  
  17  1:18  Drone  
  18  1:31  Drone  
  19  1:43  Drone  
  20  1:53  Drone  
  21  1:58  Queen x2  
  21  1:59  Drone  
  21  2:00  Overlord  
  26  2:11  Drone  
  26  2:12  Drone  
  26  2:14  Metabolic Boost  
  28  2:22  Zergling x2  
  29  2:31  Hatchery  
  28  2:39  Baneling Nest  
  28  2:41  Overlord  
  27  2:45  Drone  
  27  2:46  Drone  
  27  2:49  Zergling x2  
  30  2:52  Drone  
  30  2:57  Zergling x2  
  33  2:58  Drone  
  33  3:06  Drone x2  
  33  3:08  Zergling x4  
  33  3:10  Zergling x2  
  38  3:16  Zergling x4  
  38  3:18  Zergling x2  
  41  3:21  Zergling x2  
  41  3:22  Zergling x2  
  43  3:30  Zergling x2  
  43  3:31  Overlord  
  43  3:38  Overlord  
  43  3:42  Baneling  
  43  3:43  Baneling x3  
  43  3:44  Drone x4  
  43  3:46  Drone  
  49  3:48  Zergling x2  
  49  3:56  Drone x3  
  49  4:08  Extractor, Drone x3, Roach Warren  
  50  4:11  Drone x2  
  50  4:16  Baneling  
  52  4:18  Overlord  
  51  4:29  Overlord  
  50  4:42  Overlord  
  50  4:48  Roach x10  
  50  4:50  Overlord  
  70  4:53  Roach  
  72  5:01  Roach  
  72  5:02  Overlord  
  72  5:06  Roach  
  76  5:10  Roach, Zergling x4  
  76  5:11  Zergling x4  
  82  5:14  Overlord  
  82  5:17  Queen  
  83  5:23  Baneling x3  
  83  5:25  Zergling x8  
  86  5:32  Zergling x2  
  86  5:33  Zergling x8  
  90  5:37  Zergling x2  
  87  5:47  Drone x3  
  87  5:48  Lair  
  87  5:49  Drone  
  86  5:50  Drone x3  
  86  5:52  Drone  
  86  5:56  Ravager  
  85  6:01  Drone  
  85  6:04  Drone  
  81  6:05  Drone  
  81  6:07  Drone  
  72  6:13  Drone x2  
  72  6:17  Extractor  
  72  6:18  Extractor, Roach  
  69  6:21  Extractor  
  69  6:22  Extractor  
  69  6:24  Roach  
  69  6:25  Overlord x2, Roach x4  
  77  6:26  Drone  
  78  6:35  Roach x2  
  82  6:41  Roach  
  82  6:46  Roach  
  82  6:47  Roach  
  88  6:50  Roach  
  88  6:52  Baneling x3  
  90  6:57  Overlord  
  90  7:00  Drone  
  90  7:01  Overlord, Drone x4  
  95  7:03  Drone  
  95  7:04  Spire  
  95  7:07  Drone  
  95  7:08  Drone x2  
  98  7:09  Overlord  
  98  7:17  Roach x2  
  98  7:21  Roach x2  
  98  7:22  Roach x2  
  109  7:24  Roach  
  109  7:27  Roach x2  
  115  7:30  Overlord  
  115  7:40  Glial Reconstitution  
  115  7:41  Overlord  
  115  7:43  Drone  
  116  7:46  Drone  
  116  7:47  Drone  
  116  7:48  Drone  
  116  7:50  Roach x2  
  123  7:51  Overlord  
  123  7:55  Drone  
  123  7:57  Evolution Chamber  
  123  8:04  Overlord  
  123  8:06  Overlord  
  123  8:08  Drone x3  
  123  8:09  Drone  
  127  8:17  Mutalisk x5  
  137  8:20  Mutalisk x3  
  137  8:21  Mutalisk  
  137  8:26  Overlord x2  
  145  8:29  Drone  
  146  8:36  Hatchery  
  145  8:45  Roach x2  
  145  8:46  Roach x4  
  145  8:48  Zerg Missile Weapons Level 1  
  157  8:55  Roach x4  
  165  8:58  Roach x2  
  165  9:02  Roach x2  
  173  9:05  Roach  
  173  9:06  Overlord  
  175  9:15  Roach  
  175  9:16  Roach x4  
  185  9:17  Ravager x2  
  185  9:20  Centrifugal Hooks  
  171  9:32  Roach x5  
  161  9:40  Roach x2  
  161  9:41  Roach  
  158  9:48  Roach x2  
  158  9:49  Roach x2  
  166  9:55  Queen  
  166  9:56  Overlord  
  166  9:59  Extractor, Drone x3  
  170  10:01  Roach x2, Ravager  
  175  10:08  Roach x2  
  175  10:10  Roach x2  
  183  10:20  Zergling x8  
  183  10:21  Zergling x4  
  175  10:26  Zergling x8  
  175  10:27  Extractor  
  178  10:30  Zergling x8  
  178  10:33  Overseer  
  182  10:39  Zergling x6  
  182  10:41  Zergling x2  
  182  10:42  Zerg Ground Armor Level 1  
  186  10:43  Ravager  
  186  10:44  Roach x3  
  186  10:45  Roach x2  
  186  10:49  Roach  
  199  10:52  Baneling x9  
  199  10:53  Baneling x12  
  199  10:56  Baneling x6  
  199  10:57  Baneling  
  199  11:00  Ravager  
  200  11:05  Baneling x7  
  200  11:06  Baneling  
  200  11:17  Overlord  
  200  11:21  Infestation Pit  
  144  11:42  Hatchery  
  144  11:44  Roach x15  
  153  11:47  Roach x2  
  153  11:50  Roach  
  159  11:55  Roach x3  
  159  11:58  Roach, Ravager  
  159  11:59  Ravager  
  169  12:05  Overseer x2  
  169  12:07  Roach x2  
  173  12:13  Roach x3  
  175  12:17  Pneumatized Carapace, Hive  
  175  12:22  Roach x3  
  179  12:28  Roach x3  
  179  12:36  Roach x5  
  175  12:39  Roach  
  177  12:48  Roach  
  177  12:49  Roach x5  
  173  12:53  Roach  
  173  12:54  Roach  
  161  12:59  Roach x2  
  159  13:09  Zerg Ground Armor Level 2  
  140  13:19  Roach x2  
  145  13:20  Roach x8  
  145  13:26  Roach x2  
  145  13:27  Roach  
  147  13:28  Roach  
  147  13:34  Roach x3  
  153  13:36  Roach  
  153  13:45  Viper x3  
  153  13:48  Roach x3  
  168  13:59  Hydralisk Den  
  168  14:00  Drone  
  168  14:01  Roach  
  168  14:02  Roach x5  
  178  14:11  Roach x5  
  176  14:21  Roach x5  
  186  14:28  Roach  
  186  14:29  Roach x3  
  192  14:41  Ravager x2  
  192  14:42  Hydralisk x2, Ravager  
  192  14:44  Drone  
  192  14:45  Spine Crawler  
  199  14:50  Overlord  
  199  14:51  Overseer x2  
  199  14:52  Overseer  
  199  14:56  Overseer  
  195  15:10  Roach x3, Spine Crawler  
  195  15:11  Spine Crawler  
Show
View Real Time Build Order
Export as new Build Order

Scarlett Zerg 

Build Orders: Hatch First, Lurkers 

Get SALT Encoding   

  12  0:00  Drone  
  13  0:12  Overlord  
  13  0:17  Drone  
  14  0:30  Drone x2  
  16  0:47  Hatchery  
  15  0:51  Drone  
  15  0:54  Drone  
  17  0:57  Drone  
  18  1:09  Extractor  
  17  1:12  Spawning Pool  
  17  1:15  Drone  
  17  1:19  Drone  
  18  1:28  Drone  
  19  1:38  Drone  
  20  1:49  Drone  
  21  1:59  Overlord, Queen x2, Zergling x2  
  26  2:10  Metabolic Boost  
  26  2:12  Drone x2  
  28  2:21  Drone x2  
  30  2:31  Zergling x2  
  30  2:35  Hatchery  
  30  2:41  Drone  
  30  2:42  Drone  
  30  2:43  Drone  
  33  2:49  Baneling Nest  
  32  2:57  Drone x2  
  34  3:05  Zergling x2  
  35  3:09  Drone  
  36  3:12  Overlord  
  36  3:21  Overlord  
  36  3:30  Queen  
  36  3:33  Baneling x2  
  40  3:34  Zergling x4  
  40  3:35  Drone x4  
  45  3:41  Zergling x12  
  45  3:43  Queen  
  45  3:47  Zergling x2  
  53  3:48  Baneling  
  53  3:49  Baneling x2  
  53  4:00  Zergling x10  
  53  4:01  Baneling  
  57  4:09  Drone  
  58  4:10  Overlord  
  58  4:12  Overlord  
  58  4:19  Overlord  
  58  4:24  Drone  
  58  4:25  Overlord  
  58  4:29  Extractor, Evolution Chamber  
  58  4:30  Extractor  
  55  4:31  Drone x5  
  55  4:37  Roach Warren  
  50  4:43  Drone x5  
  55  4:52  Drone x5  
  59  5:03  Zergling x8  
  63  5:08  Zergling x4  
  65  5:18  Roach x3, Spine Crawler  
  70  5:22  Roach x2  
  70  5:27  Roach x3  
  73  5:29  Roach  
  73  5:33  Roach x3  
  81  5:40  Roach x2  
  82  5:44  Roach x2  
  82  5:45  Roach  
  82  5:48  Roach  
  85  5:51  Roach x2  
  85  5:53  Roach  
  85  5:55  Roach  
  83  5:59  Roach x2  
  83  6:02  Roach  
  85  6:05  Roach  
  85  6:07  Roach  
  85  6:08  Roach  
  81  6:13  Roach x2  
  81  6:16  Roach  
  85  6:24  Drone x2  
  85  6:25  Drone  
  88  6:26  Drone x2  
  88  6:29  Zerg Missile Weapons Level 1  
  90  6:40  Overlord  
  90  6:44  Overlord x2  
  90  6:45  Lair  
  90  6:51  Overlord  
  90  6:53  Overlord  
  90  6:58  Queen  
  90  7:00  Drone x6  
  98  7:04  Drone  
  98  7:05  Drone  
  98  7:08  Zergling x2  
  101  7:09  Extractor  
  101  7:10  Ravager x2  
  101  7:12  Roach x4  
  101  7:14  Roach  
  111  7:24  Overlord x3  
  111  7:25  Drone  
  111  7:26  Drone  
  113  7:30  Extractor  
  113  7:31  Extractor  
  113  7:33  Roach x2  
  115  7:39  Drone x2  
  115  7:40  Drone  
  115  7:42  Drone x2  
  120  7:44  Ravager  
  120  7:45  Ravager  
  120  7:46  Glial Reconstitution  
  120  7:49  Hatchery  
  121  7:54  Drone x4  
  121  7:55  Overseer  
  124  8:00  Drone x2  
  126  8:07  Overseer  
  126  8:09  Roach x7  
  140  8:13  Pneumatized Carapace  
  140  8:17  Overlord x3  
  140  8:22  Roach x2  
  140  8:26  Roach  
  146  8:29  Zerg Missile Weapons Level 2  
  146  8:32  Roach x2, Evolution Chamber  
  149  8:36  Roach  
  149  8:39  Roach  
  153  8:45  Hydralisk Den  
  153  8:48  Spore Crawler x2  
  152  8:50  Drone x3  
  152  8:51  Spore Crawler  
  152  8:52  Spore Crawler  
  152  8:53  Spore Crawler  
  152  8:54  Spore Crawler  
  150  8:59  Drone  
  150  9:01  Spore Crawler  
  150  9:02  Drone x7  
  157  9:19  Hydralisk, Muscular Augments  
  157  9:20  Overlord  
  157  9:21  Overlord x2  
  155  9:38  Roach x9  
  150  9:43  Hatchery  
  149  9:46  Hydralisk x2  
  149  9:50  Lurker Den  
  152  9:54  Hydralisk x2  
  152  9:57  Ravager  
  157  10:05  Hydralisk x2  
  161  10:19  Roach x5  
  163  10:21  Ravager  
  164  10:29  Overlord x4, Infestation Pit  
  163  10:38  Grooved Spines  
  163  10:42  Overlord  
  163  10:45  Zerg Ground Armor Level 1  
  163  10:47  Lurker x3  
  166  11:01  Overseer  
  166  11:07  Roach x5, Hatchery  
  175  11:18  Hydralisk x2, Hive  
  175  11:22  Hatchery  
  175  11:25  Lurker  
  179  11:30  Roach x5  
  169  11:34  Roach x3  
  169  11:38  Roach x2  
  169  11:39  Roach  
  127  11:46  Lurker  
  115  11:48  Drone x2  
  117  11:55  Drone x3  
  117  11:58  Lurker  
  121  12:05  Drone x5  
  126  12:08  Lurker  
  125  12:17  Hatchery  
  125  12:20  Roach  
  120  12:30  Roach  
  120  12:31  Roach x5  
  113  12:41  Roach x2  
  113  12:42  Roach x3  
  109  12:54  Seismic Spines  
  109  12:55  Drone x4  
  102  13:04  Queen x2  
  84  13:16  Hydralisk x2  
  76  13:22  Drone  
  76  13:23  Drone  
  68  13:38  Roach x3  
  74  13:47  Drone x4  
  78  13:54  Drone  
  79  14:00  Lurker  
  79  14:01  Lurker  
  79  14:02  Drone  
  72  14:26  Hydralisk  
  72  14:27  Hydralisk  
  74  14:33  Hatchery  
  74  14:34  Hydralisk x2  
  74  14:36  Drone  
  78  14:42  Drone x2  
  80  14:50  Hydralisk x2  
  84  14:57  Drone  
  84  14:58  Drone x3  
  85  15:09  Drone x2  
  85  15:11  Lurker  
  85  15:12  Drone  
  85  15:13  Drone x3  
  92  15:16  Drone  

Tags
 
Add a new tag
Caveats
  • Supply blocks, unpowered buildings, or Contaminate may cause inaccurate times.
  • Supply counts are checked every 10 seconds.